 Dungeon Crawl Stone Soup version 0.17.1-3-g152610e (webtiles) character file.

118 juanjsm the Sneak (level 4, 0/21 HPs)
             Began as a Spriggan Enchanter on Apr 20, 2016.
             Succumbed to an adder's poison
             ... on level 3 of the Dungeon.
             The game lasted 00:05:36 (1878 turns).

juanjsm the Sneak (Spriggan Enchanter)              Turns: 1878, Time: 00:05:36

Health: 0/21       AC:  3    Str:  4    XL:     4   Next: 72%
Magic:  7/10       EV: 19    Int: 17    God:
Gold:   73         SH:  0    Dex: 16    Spells: 4 memorised, 0 levels left

rFire  . . .     SeeInvis +     a - +1 dagger
rCold  . . .     Clarity  .     b - +1 robe
rNeg   . . .     SustAt   .     (shield restricted)
rPois  .         Gourm    .     (helmet restricted)
rElec  .         Spirit   .     (no cloak)
rCorr  .         Warding  .     (gloves unavailable)
rMut   .         Stasis   .     (boots unavailable)
MR     .....                    (no amulet)
Stlth  ++++......               (no ring)
                                (no ring)

@: lethally poisoned (0 -> -16), very slightly contaminated, very quick, not
resistant to hostile enchantments, stealthy
A: unfitting armour, see invisible, herbivore 3, speed 3, slow metabolism 2
a: no special abilities


You were on level 3 of the Dungeon.
You were not hungry.

You visited 1 branch of the dungeon, and saw 3 of its levels.

You collected 73 gold pieces.

Inventory:

Hand Weapons
 a - a +1 dagger (weapon)
Armour
 b - a +1 robe (worn)
 m - a +2 robe of magic resistance
Scrolls
 g - 2 scrolls of identify {unknown}
 h - 4 scrolls of remove curse {unknown}
 j - 2 scrolls of fear {unknown}
 n - a scroll of random uselessness {unknown}
Potions
 e - 2 potions of curing {unknown}
 f - 3 potions of invisibility {unknown}
 l - a potion of flight {unknown}
 o - a potion of might {unknown}
Books
 c - a book of Maledictions

   Spells                             Type                      Level
   a - Corona                         Hexes                        1
   b - Ensorcelled Hibernation        Hexes/Ice                    2
   c - Confuse                        Hexes                        3
   d - Tukima's Dance                 Hexes                        3
   e - Dazzling Spray                 Conjuration/Hexes            3
Comestibles
 d - 2 bread rations
 i - 4 fruits
 k - a slice of pizza


   Skills:
 + Level 0.4 Fighting
 + Level 1.3 Short Blades
 + Level 4.3 Dodging
 + Level 6.0 Stealth
 + Level 3.4 Spellcasting
 + Level 4.3 Hexes
 + Level 0.2 Ice Magic


You couldn't memorise any spells.
You knew the following spells:

 Your Spells              Type           Power        Failure   Level  Hunger
a - Corona                Hex            ###....      2%          1    None
b - Ensorcelled Hibernat  Hex/Ice        ##....       12%         2    ##.....
c - Confuse               Hex            ###.....     10%         3    ###....
d - Dazzling Spray        Conj/Hex       ##......     21%         3    ###....


Dungeon Overview and Level Annotations

Branches:
Dungeon (3/15)

Altars:
Cheibriados
Qazlal
Ru
Yredelemnul
Zin
The Shining One


Innate Abilities, Weirdness & Mutations

You are tiny and cannot use many weapons and most armour.
You have supernaturally acute eyesight.
You are a herbivore.
You cover ground extremely quickly.
You need consume almost no food.


Message History

You are lethally poisoned!
The adder poisons you!
You hit the adder.
The adder is severely wounded.
You feel sick. The adder closely misses you.
You barely miss the adder.
The adder is severely wounded.
You feel sick. The adder bites you.
* * * LOW HITPOINT WARNING * * *
You are more poisoned.
The adder poisons you!
You are too injured to fight recklessly!
You are too injured to fight recklessly!
* * * LOW HITPOINT WARNING * * *
You feel sick.
* * * LOW HITPOINT WARNING * * *
You feel sick.
* * * LOW HITPOINT WARNING * * *
You feel sick.
You die...

#..........#
#..###.###.####
#..# #.# #....#
#..###'###.#..#
##...'_'"..#..#
#.#######.# .#
#.# ### #.# .#
#.#######.#..#
#..@..S......#
#...............
##############..


You could see an adder.

Vanquished Creatures
  An orc wizard (D:2)
  3 adders (D:2)
  An ooze (D:3)
  2 worms
  8 bats
  6 giant cockroaches
  4 goblins
  7 hobgoblins
  A jackal (D:2)
  2 ball pythons
  3 giant geckos
  5 giant newts
  3 kobolds
  5 rats
51 creatures vanquished.

Notes
Turn   | Place    | Note
--------------------------------------------------------------
     0 | D:1      | juanjsm the Spriggan Enchanter began the quest for the Orb.
     0 | D:1      | Reached XP level 1. HP: 9/9 MP: 5/5
   414 | D:1      | Reached XP level 2. HP: 13/13 MP: 3/6
   869 | D:1      | Learned a level 2 spell: Ensorcelled Hibernation
   885 | D:2      | Found a basalt altar of Yredelemnul.
   941 | D:2      | Found a sacrificial altar of Ru.
   948 | D:2      | Reached skill level 5 in Stealth
   948 | D:2      | Reached XP level 3. HP: 15/17 MP: 4/8
  1233 | D:2      | Reached XP level 4. HP: 19/21 MP: 1/9
  1238 | D:2      | Learned a level 3 spell: Confuse
  1242 | D:2      | Learned a level 3 spell: Dazzling Spray
  1267 | D:2      | Found a glowing golden altar of the Shining One.
  1735 | D:3      | Found a stormy altar of Qazlal.
  1749 | D:3      | Found a snail-covered altar of Cheibriados.
  1796 | D:3      | Reached skill level 6 in Stealth
  1836 | D:3      | Found a glowing silver altar of Zin.
  1876 | D:3      | HP: 1/21 [poisoned by an adder]
  1878 | D:3      | Succumbed to an adder's poison

Action                   |  1- 3 |  4- 6 || total
-------------------------+-------+-------++-------
Melee: Dagger            |    83 |    42 ||   125
 Cast: Corona            |    14 |     1 ||    15
       Ensorcelled Hiber |     5 |     9 ||    14
 Stab: Sleeping          |    15 |    13 ||    28
       Paralysed         |     1 |       ||     1
